 Dungeon Crawl Stone Soup version 0.26-a0-30-g56b8cd3df0 (webtiles) character file.

Game seed: 17217357911259276878, levelgen mode: deterministic

20586 xccam the Martial Artist (level 12, 0/169 HPs)
             Began as a Red Draconian Transmuter on June 3, 2020.
             Was a High Priest of Okawaru.
             Slain by a meliai
             ... wielding a +0 hand axe
              (4 damage)
             ... on level 13 of the Dungeon.
             The game lasted 00:36:26 (18482 turns).

xccam the Martial Artist (DrTm)                    Turns: 18482, Time: 00:36:27

Health: 0/169      AC: 11    Str: 10    XL:     12   Next: 46%
Magic:  30/30      EV: 12    Int: 22    God:    Okawaru [*****.]
Gold:   882        SH:  5    Dex: 12    Spells: 15/23 levels left

rFire    + . .     SeeInvis .     - Unarmed
rCold    . . .     Gourm    .   (no shield)
rNeg     . . .     Faith    .   (armour unavailable)
rPois    .         Spirit   .   J - +0 hat {Int+3}
rElec    .         Reflect  +   (no cloak)
rCorr    .         Harm     .   G - +0 pair of gloves
MR       +....     Clarity  +   e - +1 pair of boots
Stlth    ..........             g - amulet of reflection
HPRegen  0.38/turn              P - ring of magical power
MPRegen  0.22/turn              k - ring of protection from magic

@: berserking, short of breath, very slightly contaminated, invisible, very
quick
A: breathe fire, unfitting armour, clarity, fire resistance 1, weak 1,
cold-blooded, AC +8
a: Breathe Fire, Heroism, Finesse, Renounce Religion


You were on level 13 of the Dungeon.
You worshipped Okawaru.
Okawaru was extremely pleased with you.
You were hungry.

You visited 2 branches of the dungeon, and saw 15 of its levels.

You collected 906 gold pieces.
You spent 24 gold pieces at shops.

Inventory:

Missiles
 a - 238 arrows
Armour
 e - a +1 pair of boots (worn)
 B - a +2 hat
 D - a +2 kite shield
 F - a +0 buckler
 G - a +0 pair of gloves (worn)
 J - a +0 hat of intelligence (worn)
Jewellery
 g - an amulet of reflection (around neck)
 h - a +6 ring of strength
 k - a ring of protection from magic (right hand)
 o - an uncursed ring of resist corrosion
 u - a cursed ring of teleportation
 E - a +6 ring of dexterity
 O - an uncursed amulet of magic regeneration
 P - a ring of magical power (left hand)
Wands
 b - a wand of enslavement (7)
 q - a wand of random effects (19)
 r - a wand of acid (2)
 w - a wand of flame (15)
 x - a wand of iceblast (25)
 H - a wand of digging (6)
Scrolls
 f - 2 scrolls of identify
 j - 2 scrolls of immolation
 l - 4 scrolls of enchant weapon
 m - 2 scrolls of noise
 s - a scroll of fog
 y - 3 scrolls of remove curse
 K - a scroll of magic mapping {unknown}
 N - a scroll of teleportation {unknown}
Potions
 d - 3 potions of flight
 i - a potion of brilliance
 n - a potion of stabbing
 p - 2 potions of haste
 z - 2 potions of cancellation
 C - a potion of berserk rage
 I - 3 potions of resistance
 L - a potion of lignification
Comestibles
 c - 26 rations


   Skills:
 * Level 12.4 Fighting
 - Level 1.7 Dodging
 + Level 4.6 Shields
 * Level 13.1 Unarmed Combat
 + Level 6.1 Spellcasting
 * Level 8.8 Transmutations


You had 15 spell levels left.
You knew the following spells:

 Your Spells              Type           Power        Failure   Level  Hunger
a - Beastly Appendage     Tmut           #####.       1%          1    None
b - Sticks to Snakes      Tmut           #####...     1%          2    None
c - Blade Hands           Tmut           #####.....   7%          5    #####..

Your spell library contained the following spells:

 Spells                   Type           Power        Failure   Level  Hunger
 Passwall                 Tmut/Erth      ####....     2%          2    None
 Spider Form              Tmut/Pois      ####......   4%          3    #......
 Corona                   Hex            #......      9%          1    None
 Infusion                 Chrm           #...         9%          1    None
 Sandblast                Erth           #.....       9%          1    None
 Ensorcelled Hibernation  Hex/Ice        #.....       14%         2    None
 Shroud of Golubria       Chrm/Tloc      #.....       14%         2    None
 Song of Slaying          Chrm           #.......     14%         2    None
 Ice Form                 Ice/Tmut       ####....     14%         4    ###....
 Petrify                  Tmut/Erth      ####....     14%         4    ###....
 Confusing Touch          Hex            #.......     26%         3    #......
 Dazzling Flash           Conj/Hex       #.....       26%         3    #......
 Ozocubu's Armour         Chrm/Ice       #.......     26%         3    #......
 Spectral Weapon          Hex/Chrm       #.......     26%         3    #......
 Stone Arrow              Conj/Erth      #.....       26%         3    #......
 Tukima's Dance           Hex            #.......     26%         3    #......
 Yara's Violent Unravell  Hex/Tmut       ####......   38%         5    #####..
 Cause Fear               Hex            #.........   65%         4    ###....
 Lee's Rapid Deconstruct  Erth           #.........   94%         5    #####..
 Silence                  Hex/Air        #.........   94%         5    #####..
 Discord                  Hex            #.........   100%        8    #######


Dungeon Overview and Level Annotations

Branches:
Dungeon (14/15)            Temple (1/1) D:5            Lair (0/6) D:9
    Orc (0/2) D:9
 Vaults: D:13-14

Altars:
Ashenzari
Cheibriados
Dithmenos
Elyvilon
Fedhas
Gozag
Hepliaklqana
Kikubaaqudgha
Makhleb
Nemelex Xobeh
Okawaru
Qazlal
Ru
Sif Muna
Trog
Uskayaw
Vehumet
Wu Jian
Xom
Yredelemnul
Zin
The Shining One

Shops:
D:6 %*   D:7 (   D:10 ?

Annotations:
D:14 exclusion: ice statue


Innate Abilities, Weirdness & Mutations

You can breathe blasts of fire.
Your fiery red scales are hard. (AC +8)
You cannot fit into any form of body armour.
Your flesh is heat resistant. (rF+)
You are cold-blooded and may be slowed by cold attacks.
You possess an exceptional clarity of mind.
You are weak. (Str -2)


Message History

Okay, then.
Okay, then.
You feel better. The meliai hits you with a +0 hand axe.
* * * LOW HITPOINT WARNING * * *
You block the meliai's attack. The meliai barely misses you.
The meliai stings you but does no damage.
The meliai completely misses you.
The meliai stings you but does no damage.
Unknown command.
A red film seems to cover your vision as you go berserk!
You feel yourself moving faster!
You feel mighty! The meliai hits you with a +0 hand axe!
* * * LOW HITPOINT WARNING * * *
The meliai stings you.
* * * LOW HITPOINT WARNING * * *
The meliai hits you with a +0 war axe!
* * * LOW HITPOINT WARNING * * *
The meliai barely misses you. The meliai closely misses you. x2
The meliai hits you with a +0 hand axe.
You die...

$......#..........#...##...[.##
#.'..........'.####.....#
###...<......### #.....#
#..........# ##'####
########'### #..# #....)# ##.##
##.##### #..# #..§§§§# ##'#####
#### #.§§y@§# #......# .....###
#.§§yy§# ###.....[#
.....'y#####.§§§§§####.'......#
.y...#y..§y.......##...#......#
..Z. #######.........###......#
... #......#### #......# ##
######## #......# #......#
########


You could see 3 meliai.

Vanquished Creatures
  Kirke (D:12)
  Gastronok (D:8)
  A centaur warrior (D:13)
  A death yak (D:9)
  2 two-headed ogres
  A cyclops (D:13)
  The ghost of droganthewolf the Shield-Bearer, a novice GrFi of the Shining One (D:7)
  2 slime creatures (D:13)
  4 centaur zombies (D:13)
  A gargoyle (D:11)
  An efreet (D:14)
  A freezing wraith (D:14)
  2 trolls
  2 hippogriffs
  Prince Ribbit (D:8)
  A spriggan (D:8)
  2 wyverns
  15 yaks
  A basilisk (D:9)
  2 wraiths (D:10)
  A hog (D:12)
  2 hungry ghosts
  An acid dragon (D:12)
  A soldier ant (D:13)
  9 sky beasts
  4 ice beasts
  9 orc warriors
  2 black bears
  An eye of draining (D:13)
  2 necrophages
  7 ogres
  5 centaurs
  A crocodile (D:9)
  Blork the orc (D:5)
  4 big kobolds
  6 bullfrogs
  A wyvern zombie (D:12)
  A wyvern skeleton (D:11)
  A water moccasin skeleton (D:9)
  3 scorpions
  5 killer bees (D:8)
  7 wights
  3 howler monkeys
  3 crimson imps
  3 bullfrog skeletons
  2 centaur skeletons
  An orc priest (D:9)
  3 jellies
  4 hounds
  An iguana (D:5)
  Ijyb (D:3)
  Terence (D:3)
  12 orc wizards
  16 worker ants
  A killer bee zombie (D:5)
  A bullfrog simulacrum (D:13)
  2 hound zombies
  Robin (D:3)
  4 gnolls (D:5)
  8 adders
  4 shadow imps
  A white imp (D:14)
  An ooze (D:3)
  An adder skeleton (D:4)
  6 worms
  A dart slug (D:2)
  11 leopard geckos
  50 orcs
  7 giant cockroaches
  13 goblins
  7 hobgoblins
  13 jackals
  6 quokkas
  3 ball pythons
  4 bats
  9 frilled lizards
  A jackal skeleton (D:4)
  20 kobolds
  A quokka skeleton (D:6)
  8 rats
  A fungus (D:7)
352 creatures vanquished.

Vanquished Creatures (collateral kills)
  A goblin (D:3)
  A bat (D:3)
2 creatures vanquished.

Vanquished Creatures (others)
  A kobold (D:7)
  3 fungi
  A plant (D:9)
5 creatures vanquished.

Grand Total: 359 creatures vanquished

Notes
Turn   | Place    | Note
-------+----------+-------------------------------------------
     0 | D:1      | xccam the Draconian Transmuter began the quest for the Orb.
     0 | D:1      | Reached XP level 1. HP: 16/16 MP: 3/3
   119 | D:1      | Reached XP level 2. HP: 23/23 MP: 5/5
   521 | D:1      | Reached skill level 4 in Unarmed Combat
   786 | D:1      | Reached XP level 3. HP: 28/28 MP: 6/6
  1561 | D:2      | HP: 1/28 [jackal (2)]
  1563 | D:2      | Reached XP level 4. HP: 1/35 MP: 7/7
  1953 | D:2      | Found a faded altar of an unknown god.
  2239 | D:2      | Reached skill level 5 in Unarmed Combat
  3035 | D:3      | Noticed Ijyb
  3085 | D:3      | Killed Ijyb
  3094 | D:3      | Learned a level 2 spell: Sticks to Snakes
  3126 | D:3      | Found an ancient bone altar of Kikubaaqudgha.
  3415 | D:3      | Noticed Terence
  3423 | D:3      | Reached XP level 5. HP: 40/40 MP: 2/8
  3433 | D:3      | Killed Terence
  3436 | D:3      | Reached skill level 6 in Unarmed Combat
  4063 | D:3      | Noticed Robin
  4111 | D:3      | Killed Robin
  4405 | D:4      | Noticed an ogre
  4566 | D:4      | Killed an ogre
  4566 | D:4      | Reached XP level 6. HP: 11/47 MP: 2/9
  4568 | D:4      | Reached skill level 7 in Unarmed Combat
  5193 | D:5      | Entered Level 5 of the Dungeon
  5578 | D:5      | Noticed a sky beast
  5604 | D:5      | Killed a sky beast
  5604 | D:5      | Reached skill level 8 in Unarmed Combat
  5604 | D:5      | Your scales start taking on a fiery red colour.
  5604 | D:5      | Reached XP level 7. HP: 52/52 MP: 8/10
  5604 | D:5      | Gained mutation: Your flesh is heat resistant. (rF+) [Red
                  | Draconian growth]
  5664 | D:5      | Noticed Blork the orc
  5668 | D:5      | Killed Blork the orc
  5839 | D:5      | Found a staircase to the Ecumenical Temple.
  6042 | Temple   | Entered the Ecumenical Temple
  6712 | D:6      | Found Bupeg's General Store.
  6718 | D:6      | Bought a scroll of identify for 24 gold pieces
  6734 | D:6      | Reached XP level 8. HP: 62/63 MP: 11/13
  7188 | D:6      | Found Peloegy's Food Emporium.
  7253 | D:6      | Found a bloodstained altar of Trog.
  7254 | D:6      | Found an iron altar of Okawaru.
  7266 | D:6      | Became a worshipper of Warmaster Okawaru
  7402 | D:7      | Found a stormy altar of Qazlal.
  7402 | D:7      | Found a blossoming altar of Fedhas.
  7468 | D:7      | Found a large runed translucent door.
  7468 | D:7      | Found a large runed translucent door.
  7472 | D:7      | Noticed droganthewolf's ghost (novice GrFi)
  8142 | D:7      | Reached skill level 5 in Fighting
  8145 | D:7      | Reached * piety under Okawaru
  8145 | D:7      | Reached skill level 5 in Transmutations
  8319 | D:7      | Reached XP level 9. HP: 51/74 MP: 14/16
  8325 | D:7      | Reached skill level 5 in Spellcasting
  8759 | D:7      | Found Jagagh's Weapon Emporium.
  8936 | D:7      | Found a radiant altar of Vehumet.
  9143 | D:7      | Killed droganthewolf's ghost
  9309 | D:8      | Noticed a two-headed ogre
  9326 | D:8      | Found a shadowy altar of Dithmenos.
  9326 | D:8      | Found a burning altar of Makhleb.
  9353 | D:8      | Reached skill level 9 in Unarmed Combat
  9354 | D:8      | Killed a two-headed ogre
  9354 | D:8      | Reached ** piety under Okawaru
  9516 | D:8      | Found a sparkling altar of Nemelex Xobeh.
  9571 | D:8      | Reached *** piety under Okawaru
  9571 | D:8      | Reached skill level 10 in Unarmed Combat
  9779 | D:8      | Noticed Prince Ribbit
  9856 | D:8      | Noticed Gastronok
  9881 | D:8      | Killed Prince Ribbit
  9881 | D:8      | Reached XP level 10. HP: 59/88 MP: 12/17
 10374 | D:8      | Found an ornate altar of the Wu Jian Council.
 10574 | D:8      | Killed Gastronok
 10574 | D:8      | Reached **** piety under Okawaru
 10574 | D:8      | Reached skill level 11 in Unarmed Combat
 10866 | D:9      | Reached skill level 10 in Fighting
 11242 | D:9      | Noticed a death yak
 11273 | D:9      | Killed a death yak
 11273 | D:9      | Reached ***** piety under Okawaru
 11273 | D:9      | Reached skill level 1 in Shields
 11273 | D:9      | Reached XP level 11. HP: 33/101 MP: 18/18
 11717 | D:9      | Received a gift from Okawaru
 11920 | D:9      | Found a staircase to the Lair.
 12186 | D:9      | Found a staircase to the Orcish Mines.
 12333 | D:10     | Entered Level 10 of the Dungeon
 12388 | D:10     | Found Amyasch's Magic Scroll Emporium.
 12425 | D:10     | Reached skill level 12 in Unarmed Combat
 12793 | D:10     | Found a sparkling altar of Nemelex Xobeh.
 14004 | D:11     | Received a gift from Okawaru
 14052 | D:11     | Learned a level 5 spell: Blade Hands
 14833 | D:11     | You fall into a shaft and drop 3 floors!
 15261 | D:13     | Noticed a centaur warrior
 15292 | D:13     | Killed a centaur warrior
 16361 | D:12     | Noticed Kirke
 16391 | D:12     | Killed Kirke
 16391 | D:12     | Reached XP level 12. HP: 70/112 MP: 12/20
 17680 | D:13     | Noticed a two-headed ogre
 17690 | D:13     | Killed a two-headed ogre
 17943 | D:13     | Reached skill level 13 in Unarmed Combat
 18475 | D:13     | HP: 2/113 [meliai/+0 war axe (7)]
 18479 | D:13     | Gained mutation: You are weak. (Str -2) [potion of
                  | mutation]
 18479 | D:13     | Gained mutation: Your body sometimes deteriorates upon
                  | taking damage. [potion of mutation]
 18479 | D:13     | Lost mutation: Your body sometimes deteriorates upon taking
                  | damage. [potion of mutation]
 18479 | D:13     | Gained mutation: You possess an exceptional clarity of
                  | mind. [potion of mutation]
 18482 | D:13     | HP: 4/169 [meliai/+0 war axe (8)]
 18482 | D:13     | Slain by a meliai

Illustrated notes

Levels and vault maps discovered:
D:1:      elethiomel_arrival_infinity_welcomes_careful_drivers, layout_rooms
D:2:      layout_basic, chequers_ecumenical_altar_simple_redux
D:3:      layout_basic, nicolae_overflow_hidden_temple, uniq_ijyb, uniq_terence,
          uniq_robin, uniq_sigmund
D:4:      layout_basic
D:5:      layout_basic, minmay_temple_entry_junction, first_ration,
          kennysheep_small_square, uniq_blork_the_orc
D:6:      layout_basic, grunt_temple_overflow_bloody_war, serial_shops, shop,
          nicolae_shop_stone
D:7:      layout_basic, grunt_temple_overflow_forces_of_nature,
          vehumet_altar_wand_db, serial_shops, shop,
          ebering_ghost_disaster_area, minmay_unpleasant_kobolds
D:8:      layout_rooms, lemuel_doored_altar,
          gammafunk_temple_overflow_forgotten, the_bakery, uniq_prince_ribbit1,
          uniq_gastronok
D:9:      layout_basic, david_lair_generic, orc_0_dummy
D:10:     layout_irregular_city, serial_shops, shop,
          nemelex_diamond_rough_becter
D:11:     layout_long_grid
D:12:     layout_small_grid, minmay_variable_closet, uniq_kirke
D:13:     layout_roguey, roderic_roman_lattice, hangedman_weighted_door
D:14:     layout_roguey [special_room_bee], david_vaults_5, serial_shops, shop,
          kennysheep_nondescript, ice2_lemuel, uniq_frances, uniq_rupert
Temple:   minmay_temple_forest_path

Skill      XL: |  1  2  3  4  5  6  7  8  9 10 11 12 |
---------------+-------------------------------------+-----
Unarmed Combat | 4 5 6 8 10 11 12 13 | 13.1
Fighting       | 3 5 8 10 12 | 12.4
Transmutations | 3 5 6 8 |  8.8
Spellcasting   | 3 4 5 6 |  6.1
Shields        | 1 3 4 |  4.6
Dodging        | |  1.7

Action                   |  1- 3 |  4- 6 |  7- 9 | 10-12 || total
-------------------------+-------+-------+-------+-------++-------
Melee: Unarmed           |   158 |   257 |   256 |   645 ||  1316
       Tailslap          |    17 |    16 |    32 |    81 ||   146
       Kick              |     4 |       |       |       ||     4
       Headbutt          |       |    13 |     7 |    12 ||    32
       Punch             |       |     2 |    12 |    51 ||    65
 Cast: Beastly Appendage |     1 |     8 |     7 |     7 ||    23
       Sticks to Snakes  |       |     6 |     3 |     1 ||    10
       Blade Hands       |       |       |       |     4 ||     4
Invok: Heroism           |       |       |     2 |    12 ||    14
 Abil: Breathe Fire      |       |       |    12 |     7 ||    19
Evoke: Wand              |       |       |     9 |    11 ||    20
  Use: Potion            |     4 |       |       |     9 ||    13
       Scroll            |     2 |     3 |     4 |    12 ||    21
 Stab: Sleeping          |       |     1 |     1 |       ||     2
       Distracted        |       |       |     1 |       ||     1
  Eat: Chunk             |     2 |    14 |     9 |    19 ||    44
       Ration            |       |       |     2 |     3 ||     5
Armor: Skin              |    29 |    67 |    72 |   162 ||   330
Dodge: Dodged            |    99 |   104 |    92 |   254 ||   549
Block: Other             |       |    45 |    54 |   119 ||   218
       Reflection        |       |     1 |     4 |     2 ||     7

Table legend:
 A = Non-vault XP
 B = Vault XP
 C = Vault XP percentage of total XP
 D = Non-vault monster count
 E = Vault monster count
 F = Vault count percentage of total count
                 A         B        C        D         E       F
            +---------+---------+-------+---------+---------+-------
      Total |   20447 |    8962 |  30.5 |     311 |      42 |  11.9
            +---------+---------+-------+---------+---------+-------
        D:1 |      41 |       0 |   0.0 |      25 |       0 |   0.0
        D:2 |      72 |       0 |   0.0 |      25 |       0 |   0.0
        D:3 |      69 |     102 |  59.6 |      25 |      13 |  34.2
        D:4 |     215 |       0 |   0.0 |      13 |       0 |   0.0
        D:5 |     487 |     103 |  17.5 |      14 |       2 |  12.5
        D:6 |     527 |       3 |   0.6 |      12 |       1 |   7.7
        D:7 |    1191 |     707 |  37.2 |      24 |       8 |  25.0
        D:8 |    2384 |    2572 |  51.9 |      32 |       3 |   8.6
        D:9 |    3086 |    1472 |  32.3 |      52 |       4 |   7.1
       D:10 |    2745 |       0 |   0.0 |      29 |       0 |   0.0
       D:11 |    1427 |       0 |   0.0 |      17 |       0 |   0.0
       D:12 |    1207 |    2355 |  66.1 |      15 |       2 |  11.8
       D:13 |    6406 |    1033 |  13.9 |      26 |       5 |  16.1
       D:14 |     590 |     615 |  51.0 |       2 |       4 |  66.7
            +---------+---------+-------+---------+---------+-------
